 Dungeon Crawl Stone Soup version 0.30-a0-924-g0ad0bf95bc (webtiles) character file.

Game seed: 4202691694032324308

7 retardedninja the Trooper (level 2, -3/32 HPs)
             Began as an Ogre Fighter on Mar 22, 2023.
             Slain by a gnoll
             ... wielding a +0 spear
              (7 damage)
             ... on level 1 of the Dungeon.
             The game lasted 00:00:22 (291 turns).

retardedninja the Trooper (Ogre Fighter)             Turns: 291, Time: 00:00:22

Health: -3/32      AC:  3    Str: 19    XL:     2   Next: 0%
Magic:  2/2        EV:  8    Int:  9    God:
Gold:   24         SH:  7    Dex:  8    Spells: 1/1 levels left

rFire   . . .      SeeInvis .    a - +0 war axe
rCold   . . .      Faith    .    c - +0 kite shield
rNeg    . . .      Spirit   .    b - +0 robe
rPois   .          Reflect  .    (helmet restricted)
rElec   .          Rampage  .    (no cloak)
rCorr   .                        (gloves unavailable)
Will    .....                    (boots unavailable)
Stlth   +                        (no amulet)
HPRegen 0.25/turn                (no ring)
MPRegen 0.08/turn                (no ring)

@: no status effects
A: large, unfitting armour, tough skin 1
a: no special abilities


You were on level 1 of the Dungeon.
You visited 1 branch of the dungeon, and saw 1 of its levels.

You collected 24 gold pieces.

Inventory:

Hand Weapons
 a - a +0 war axe (weapon)
Armour
 b - a +0 robe (worn)
 c - a +0 kite shield (worn)
Potions
 d - a potion of might
 e - a potion of haste {unknown}


   Skills:
 + Level 4.1 Fighting
 + Level 2.1 Axes
 + Level 2.8 Dodging
 + Level 3.1 Shields


You had one spell level left.
You didn't know any spells.
Your spell library was empty.

Dungeon Overview and Level Annotations

Branches:
Dungeon (1/15)

Altars:


Innate Abilities, Weirdness & Mutations

You are too large for most types of armour.
You have tough skin. (AC +1)


Message History

You kill the endoplasm!
Found 4 poisoned darts.
No target in view!
Key pressed, stopping explore.
No target in view!
You see here 4 poisoned darts.
You now have 24 gold pieces (gained 8).
A gnoll comes into view. It is wielding a +0 spear.
Found 12 gold pieces.
The gnoll shouts!
No reachable target in view!
A gnoll is nearby!
No reachable target in view!
A gnoll is nearby!
No reachable target in view!
A gnoll is nearby!
No reachable target in view!
No reachable target in view!
No reachable target in view!
A rat comes into view.
The gnoll hits the plant with a +0 spear.
The plant begins to die.
The gnoll closely misses you.
You hit the plant.
The plant begins to die.
The plant is lightly damaged.
You slash the plant! x2; The plant begins to die.
The gnoll hits you from afar with a +0 spear.
The gnoll closely misses you.
You slash the plant!
The plant is lightly damaged.
You hit the plant. You slash the plant!
A nearby plant withers and dies. x3
The gnoll hits you from afar with a +0 spear! x2
* * * LOW HITPOINT WARNING * * *
You block the rat's attack.
You slash the rat!
You kill the rat!
The gnoll barely misses you.
You have reached level 2!
Found a book of Touch.
The gnoll hits you with a +0 spear!
You die...

#.# #.# #.#....:..##
... #....PP.PP..# ...
#.#.P.P...P.#
...P...P.P.#
#...$..P..##
#.......P..#
#..P.g.PP..# ##+##
#..P.@.P...# ##...##
##.........#
#.....##########..##.##
.......#...........).#
........[###...#..####
..............(...#
.........###...#..#
.......#.# #......#
#.....##.# #.###.##


You could see a gnoll.

Vanquished Creatures
  A bat (D:1)
  An endoplasm (D:1)
  A kobold (D:1)
  A quokka (D:1)
  A ball python (D:1)
  A rat (D:1)
6 creatures vanquished.

Vanquished Creatures (others)
  3 plants (D:1)
3 creatures vanquished.

Grand Total: 9 creatures vanquished

Notes
Turn   | Place    | Note
-------+----------+-------------------------------------------
     0 | D:1      | retardedninja the Ogre Fighter began the quest for the Orb.
     0 | D:1      | Reached XP level 1. HP: 24/24 MP: 1/1
   291 | D:1      | Reached XP level 2. HP: 4/32 MP: 2/2
   291 | D:1      | Slain by a gnoll

Illustrated notes

Levels and vault maps discovered:
D:1:      lightli_arrival_maybe_door_vault, layout_loops_corners,
          nicolae_grassy_gnolls

Action                     || total
---------------------------++-------
  Melee: War axe           ||    12
 Armour: Robe              ||     4
  Dodge: Dodged            ||     6
  Block: Kite shield       ||     3

Table legend: (Time is in decaauts)
 A = Elapsed time spent in this place.
 B = Non-inter-level travel time spent in this place.
 C = Inter-level travel time spent in this place.
 D = Time resting spent in this place.
 E = Time spent auto-exploring this place.
 F = Levels seen in this place.
 G = Mean time per level.
                   A        B        C        D        E       F      G
               +--------+--------+--------+--------+--------+-----+--------+
         Total |    297 |    297 |      0 |      0 |    255 |   1 |  297.0 |
       Dungeon |    297 |    297 |      0 |      0 |    255 |   1 |  297.0 |
               +--------+--------+--------+--------+--------+-----+--------+

Top non-repeatable levels by time:
     D:1: 297 daAuts
